 Dungeon Sprint DCSS version 0.26-a0-712-ga5a9c9c9d0 (webtiles) character file.

Game seed: 15605160121964300704

2214 sahdkjhfkaj the Fighter (level 9, -6/78 HPs)
             Began as a Mummy Monk on Nov 1, 2020.
             Was the Champion of Yredelemnul.
             Mangled by a tarantella (10 damage)
             ... in the Dungeon (Sprint VII: "The Pits").
             The game lasted 00:06:10 (652 turns).

sahdkjhfkaj the Fighter (Mummy Monk)                 Turns: 652, Time: 00:06:11

Health: -6/78      AC: 19    Str: 17    XL:     9   Next: 13%
Magic:  15/15      EV: 12    Int:  9    God:    Yredelemnul [******]
Gold:   0          SH:  0    Dex: 18    Spells: 8/8 levels left

rFire    x . .     SeeInvis .   i - +2 halberd (protect)
rCold    + . .     Faith    .   (shield currently unavailable)
rNeg     + + +     Spirit   .   b - +4 chain mail
rPois    ∞         Reflect  .   (no helmet)
rElec    .         Harm     .   a - +0 cloak
rCorr    .         Rampage  .   (no gloves)
MR       +....     NoTele   +   (no boots)
Stlth    ..........             (no amulet)
HPRegen  0.23/turn              g - +3 ring of dexterity
MPRegen  0.14/turn              h - +3 ring of protection

@: confused
A: no potions, fire vulnerability, cold resistance 1, negative energy resistance
3, torment resistance, unbreathing
a: Recall Undead Slaves, Injury Mirror, Animate Dead, Drain Life, Enslave Soul,
Renounce Religion


You were in the Dungeon.
You worshipped Yredelemnul.
Yredelemnul was exalted by your worship.
You visited 1 branch

Inventory:

Hand Weapons
 i - a +2 halberd of protection (weapon)
Armour
 a - a +0 cloak (worn)
 b - a +4 chain mail (worn)
Jewellery
 g - a +3 ring of dexterity (left hand)
 h - a +3 ring of protection (right hand)
Scrolls
 c - a scroll of blinking {!r}
 d - 3 scrolls of remove curse {!r}
 e - 5 scrolls of amnesia {!r}
 f - a scroll of summoning {!r}


   Skills:
 + Level 10.1 Fighting
 - Level 8.0 Polearms
 - Level 8.0 Armour
 - Level 8.0 Dodging
 - Level 1.5 Stealth
 - Level 9.0 Invocations


You had 8 spell levels left.
You didn't know any spells.
Your spell library was empty.

Dungeon Overview and Level Annotations

Branches:
Dungeon (1/1)

Altars:
Ashenzari
Cheibriados
Dithmenos
Elyvilon
Fedhas
Gozag
Hepliaklqana
Kikubaaqudgha
Makhleb
Nemelex Xobeh
Okawaru
Qazlal
Ru
Sif Muna
Trog
Uskayaw
Vehumet
Wu Jian
Xom
Yredelemnul
Zin
The Shining One
Beogh
Jiyva
Lugonu


Innate Abilities, Weirdness & Mutations

You do not drink.
Your flesh is vulnerable to fire.
You are immune to poison.
Your flesh is cold resistant. (rC+)
You are immune to negative energy. (rN+++)
You are immune to unholy pain and torment.
You can survive without breathing.


Message History

You are engulfed in a cloud of scalding steam.
* * * LOW HITPOINT WARNING * * *
Your flying skull barely misses the tarantella.
The tarantella bites you but does no damage.
The steam dragon bites you but does no damage.
The steam dragon claws you but does no damage.
Your flying skull hits the tarantella.
You are engulfed in a cloud of scalding steam.
The tarantella bites you but does no damage.
Your flying skull closely misses the tarantella.
The steam dragon barely misses you. The steam dragon closely misses you.
The tarantella bites you but does no damage.
Unknown command.
Unknown command.
Unknown command.
Unknown command.
Your flying skull barely misses the tarantella.
The tarantella bites you!
You die...
Yredelemnul claims you as an undead slave.

.....##..##......
.....##'†#)..#..#...#
#######..†..........+
#######''#...#..#... .
#zz[[##.†##........ #.#
#!![.##...###..z.###....
zzz))##.....##Vz##.....#
#zz))###.....'zzzD....#
#zz))# ###...zzz@sZW#
###### ############


You could see a steam dragon, a tarantella, a bat skeleton, a friendly skeletal
warrior, a friendly phantasmal warrior, a friendly vampire, 4 friendly flying
skulls and 3 friendly wights.

Vanquished Creatures
  A dream sheep (D)
  A tarantella (D)
  An ogre (D)
  An ufetubus (D)
  A ball python (D)
  A giant cockroach (D)
  2 hobgoblins (D)
  2 jackals (D)
  A quokka (D)
11 creatures vanquished.

Vanquished Creatures (collateral kills)
  A cyclops (D)
  A black mamba (D)
  A tyrant leech (D)
  A wind drake (D)
  4 dream sheep (D)
  A wyvern (D)
  A ynoxinul (D)
  A yak (D)
  2 wargs (D)
  An acid dragon (D)
  A water moccasin (D)
  An ogre (D)
  A small abomination (D)
  A gnoll shaman (D)
  A worker ant (D)
  2 mummies (D)
  An adder (D)
  5 gnolls (D)
  2 adder skeletons (D)
  A giant cockroach (D)
  A bat (D)
  A kobold (D)
32 creatures vanquished.

Vanquished Creatures (others)
  9 flying skulls (D)
9 creatures vanquished.

Grand Total: 52 creatures vanquished

Notes
Turn   | Place    | Note
-------+----------+-------------------------------------------
     0 | D        | sahdkjhfkaj the Mummy Monk began the quest for the Orb.
     0 | D        | Reached XP level 1. HP: 18/18 MP: 1/1
    20 | D        | Reached skill level 1 in Armour
    25 | D        | Found a bloodstained altar of Trog.
    25 | D        | Found a shimmering blue altar of Sif Muna.
    25 | D        | Found a viscous altar of Jiyva.
    25 | D        | Found a hazy altar of Hepliaklqana.
    25 | D        | Found an opulent altar of Gozag.
    26 | D        | Found a glowing golden altar of the Shining One.
    26 | D        | Found a glowing silver altar of Zin.
    26 | D        | Found a basalt altar of Yredelemnul.
    26 | D        | Found a shimmering altar of Xom.
    26 | D        | Found an ornate altar of the Wu Jian Council.
    26 | D        | Found a sacrificial altar of Ru.
    26 | D        | Found a stormy altar of Qazlal.
    26 | D        | Found an iron altar of Okawaru.
    26 | D        | Found a sparkling altar of Nemelex Xobeh.
    26 | D        | Found a burning altar of Makhleb.
    26 | D        | Found a blossoming altar of Fedhas.
    26 | D        | Found a white marble altar of Elyvilon.
    26 | D        | Found a shadowy altar of Dithmenos.
    26 | D        | Found a snail-covered altar of Cheibriados.
    27 | D        | Found a radiant altar of Vehumet.
    27 | D        | Found a corrupted altar of Lugonu.
    27 | D        | Found a roughly hewn altar of Beogh.
    28 | D        | Found an ancient bone altar of Kikubaaqudgha.
    28 | D        | Found a hide-covered altar of Uskayaw.
    28 | D        | Found a broken altar of Ashenzari.
    36 | D        | Became a worshipper of Yredelemnul the Dark
    36 | D        | Reached * piety under Yredelemnul
    36 | D        | Reached ** piety under Yredelemnul
   128 | D        | Reached skill level 1 in Invocations
   129 | D        | Reached *** piety under Yredelemnul
   132 | D        | Reached XP level 2. HP: 21/24 MP: 1/3
   132 | D        | Received a gift from Yredelemnul (3 flying skulls)
   142 | D        | Reached skill level 4 in Fighting
   143 | D        | Reached **** piety under Yredelemnul
   143 | D        | Reached XP level 3. HP: 21/30 MP: 2/5
   147 | D        | Received a gift from Yredelemnul (a wight)
   149 | D        | Received a gift from Yredelemnul (5 flying skulls)
   149 | D        | Received a gift from Yredelemnul (2 flying skulls)
   237 | D        | Noticed a water moccasin
   245 | D        | Killed a water moccasin
   245 | D        | Reached skill level 5 in Fighting
   245 | D        | Reached XP level 4. HP: 39/39 MP: 7/7
   245 | D        | Noticed a warg
   253 | D        | Killed a warg
   253 | D        | Reached skill level 5 in Invocations
   253 | D        | Reached skill level 6 in Fighting
   253 | D        | Reached XP level 5. HP: 46/46 MP: 8/8
   263 | D        | Reached ***** piety under Yredelemnul
   268 | D        | Reached skill level 7 in Fighting
   287 | D        | Noticed a warg
   290 | D        | Killed a warg
   290 | D        | Reached XP level 6. HP: 55/55 MP: 8/10
   310 | D        | Noticed a yak
   314 | D        | Killed a yak
   314 | D        | Reached skill level 5 in Polearms
   314 | D        | Reached skill level 5 in Armour
   314 | D        | Reached skill level 5 in Dodging
   314 | D        | Reached skill level 8 in Fighting
   320 | D        | Received a gift from Yredelemnul (a flying skull)
   327 | D        | Received a gift from Yredelemnul (a wight)
   435 | D        | Noticed a cyclops
   435 | D        | Noticed an acid dragon
   441 | D        | Killed an acid dragon
   444 | D        | Killed a cyclops
   444 | D        | Reached XP level 7. HP: 57/63 MP: 12/12
   445 | D        | Reached skill level 9 in Fighting
   446 | D        | Received a gift from Yredelemnul (a wight)
   575 | D        | Noticed a black mamba
   575 | D        | Noticed a dream sheep
   575 | D        | Noticed a dream sheep
   575 | D        | Noticed a dream sheep
   575 | D        | Noticed a dream sheep
   575 | D        | Noticed a dream sheep
   577 | D        | Killed a dream sheep
   580 | D        | Killed a dream sheep
   580 | D        | Reached ****** piety under Yredelemnul
   580 | D        | Received a gift from Yredelemnul (a vampire)
   583 | D        | Killed a black mamba
   583 | D        | Reached XP level 8. HP: 71/71 MP: 14/14
   584 | D        | Killed a dream sheep
   587 | D        | Killed a dream sheep
   589 | D        | Killed a dream sheep
   589 | D        | Reached skill level 10 in Fighting
   590 | D        | Received a gift from Yredelemnul (a skeletal warrior)
   599 | D        | Noticed a tyrant leech
   608 | D        | Killed a tyrant leech
   623 | D        | Received a gift from Yredelemnul (2 flying skulls)
   626 | D        | Reached XP level 9. HP: 20/78 MP: 15/15
   628 | D        | Noticed a wind drake
   632 | D        | Killed a wind drake
   633 | D        | Received a gift from Yredelemnul (a phantasmal warrior)
   633 | D        | Received a gift from Yredelemnul (a vampire)
   652 | D        | Mangled by a tarantella

Illustrated notes

Levels and vault maps discovered:
D:        pitsprint [storerooms_1, entrance_room_1, metal_vault_4, armoury_1,
          mini_pit_1, grid_room_1, main_hall_1, silver_pit, the_coven_1,
          the_vestibule_1, steel_vault_4, golden_pit, hallway_of_sentries,
          crystal_vault_4, iron_vault_2, final_vault]

Skill      XL: |  1  2  3  4  5  6  7  8  9 |
---------------+----------------------------+-----
Armour         | 2 3 4 6 7 8 |  8.0
Invocations    | 1 3 4 5 7 8 9 |  9.0
Fighting       | 4 5 6 7 8 9 10 | 10.1
Polearms       | 3 4 6 7 8 |  8.0
Dodging        | 3 4 6 7 8 |  8.0
Stealth        | |  1.5

Action                   |  1- 3 |  4- 6 |  7- 9 || total
-------------------------+-------+-------+-------++-------
Melee: Trident           |    22 |    16 |       ||    38
       Spear             |     6 |       |       ||     6
       Halberd           |       |       |    35 ||    35
 Stab: Sleeping          |     1 |       |       ||     1
Armor: Robe              |     2 |       |       ||     2
       Plate armour      |       |     7 |       ||     7
       Chain mail        |       |       |    24 ||    24
Dodge: Dodged            |    29 |     7 |    31 ||    67

Table legend: (Time is in decaauts)
 A = Elapsed time spent in this place.
 B = Non-inter-level travel time spent in this place.
 C = Inter-level travel time spent in this place.
 D = Time resting spent in this place.
 E = Time spent auto-exploring this place.
 F = Levels seen in this place.
 G = Mean time per level.
                   A        B        C        D        E       F      G
               +--------+--------+--------+--------+--------+-----+--------+
         Total |    660 |    611 |     49 |    220 |      0 |   1 |  660.0 |
       Dungeon |    660 |    611 |     49 |    220 |      0 |   1 |  660.0 |
               +--------+--------+--------+--------+--------+-----+--------+

Top non-repeatable levels by time:
       D: 660 daAuts
